 Dungeon Crawl Stone Soup version 0.25.1-8-g42b30a86e7 (webtiles) character file.

Game seed: 5909243811795584077

253 sahdkjhfkaj the Insei (level 6, -2/42 HPs)
             Began as an Octopode Transmuter on Dec 12, 2020.
             Was a Believer of Cheibriados.
             Slain by a phantom (8 damage)
             ... on level 4 of the Dungeon.
             The game lasted 00:06:07 (4634 turns).

sahdkjhfkaj the Insei (Octopode Transmuter)         Turns: 4634, Time: 00:06:07

Health: -2/42      AC:  1    Str: 14    XL:     6   Next: 14%
Magic:  6/9        EV: 15    Int: 21    God:    Cheibriados [**....]
Gold:   110        SH:  0    Dex: 16    Spells: 1/9 levels left

rFire    . . .     SeeInvis .     - Unarmed
rCold    . . .     Gourm    .   (no shield)
rNeg     . . .     Faith    .   (helmet restricted)
rPois    .         Spirit   .   (no amulet)
rElec    .         Reflect  .   i - ring of wizardry
rCorr    .         Harm     .   l - +4 ring of slaying
MR       .....                  (no ring)
Stlth    ++........             (no ring)
HPRegen  0.14/turn              (no ring)
MPRegen  0.11/turn              (no ring)
                                (no ring)
                                (no ring)

@: very slow
A: almost no armour, stealthy swim, amphibious, 8 rings, constrict 8, camouflage
1, gelatinous body 1
a: Bend Time, Renounce Religion


You were on level 4 of the Dungeon.
You worshipped Cheibriados.
Cheibriados was pleased with you.
You were not hungry.

You visited 1 branch of the dungeon, and saw 4 of its levels.

You collected 110 gold pieces.

Inventory:

Missiles
 a - 30 arrows
Jewellery
 i - a ring of wizardry (left tentacle)
 l - a +4 ring of slaying (right tentacle)
Scrolls
 b - 2 scrolls of enchant armour {!r}
 e - a scroll of blinking {!r}
 g - a scroll of magic mapping {!r}
 h - a scroll of fog {!r}
 k - 2 scrolls of remove curse {!r}
 m - a scroll of amnesia {!r}
 n - a scroll of random uselessness {!r, unknown}
 p - a scroll of immolation {!r}
Potions
 d - 2 potions of brilliance {!q}
 f - a potion of heal wounds {!q}
 j - a potion of magic {!q}
 o - a potion of curing {!q, unknown}
 q - a potion of haste {!q, unknown}
Comestibles
 c - 9 rations
 s - a chunk of flesh


   Skills:
 + Level 3.5 Fighting
 + Level 3.6 Dodging
 + Level 3.6 Unarmed Combat
 - Level 2.0 Spellcasting
 * Level 3.4 Transmutations


You had one spell level left.
You knew the following spells:

 Your Spells              Type           Power        Failure   Level  Hunger
a - Beastly Appendage     Tmut           ###...       1%          1    #......
A - Blade Hands           Tmut           ###.......   36%         5    ######.
T - Sticks to Snakes      Tmut           ###.....     2%          2    ##.....

Your spell library contained the following spells:

 Spells                   Type           Power        Failure   Level  Hunger
 Spider Form              Tmut/Pois      #.........   9%          3    ###....
 Ice Form                 Ice/Tmut       #.......     28%         4    #####..


Dungeon Overview and Level Annotations

Branches:
Dungeon (4/15)
 Temple: D:4-7

Altars:
Cheibriados
Elyvilon
Kikubaaqudgha
Ru
Sif Muna
Wu Jian


Innate Abilities, Weirdness & Mutations

You cannot wear most types of armour.
You are very stealthy in the water. (Stealth+)
You are amphibious.
You can wear up to eight rings at the same time.
You can use your tentacles to constrict eight enemies at once.
Your skin changes colour to match your surroundings (Stealth+).
Your rubbery body absorbs attacks. (AC +1, EV +1)


Message History

* * * LOW HITPOINT WARNING * * *
The phantom blinks!
The phantom blinks!
The phantom blinks!
You now have 110 gold pieces (gained 8).
The phantom blinks!
The phantom hits you.
* * * LOW HITPOINT WARNING * * *
There is a stone staircase leading up, spattered with blood here.
You tentacle-slap the phantom.
The phantom is severely damaged.
The phantom hits you.
* * * LOW HITPOINT WARNING * * *
You closely miss the phantom.
The phantom is severely damaged.
The phantom hits you!
* * * LOW HITPOINT WARNING * * *
You closely miss the phantom.
The phantom is severely damaged.
The phantom hits you!
You die...

### ### ##### #.. ..#
#...# #.#####.###...#
#.#...........+
#.##.##.##....#
#.........($..#
#.#####.#.....#
##.#####.#..#@####.#
#.............W......
####..#####.#..######.##
......#####.#..######.
####>.................
...#.#.####.#.?.......
.#.#.#.# #......#####
.#.#.#.# #......#
.#.#.#.# #...(..#


You could see a phantom.

Vanquished Creatures
  An orc priest (D:3)
  Jessica (D:4)
  A worker ant (D:4)
  5 adders
  An ooze (D:2)
  4 worms (D:2)
  A dart slug (D:1)
  5 leopard geckos
  6 orcs
  2 giant cockroaches
  7 goblins
  9 hobgoblins
  13 jackals
  2 quokkas
  A ball python (D:2)
  11 bats
  4 frilled lizards
  11 kobolds
  A quokka skeleton (D:3)
  13 rats
99 creatures vanquished.

Notes
Turn   | Place    | Note
-------+----------+-------------------------------------------
     0 | D:1      | sahdkjhfkaj the Octopode Transmuter began the quest for the
                  | Orb.
     0 | D:1      | Reached XP level 1. HP: 13/13 MP: 3/3
   157 | D:1      | Reached XP level 2. HP: 11/18 MP: 1/5
   581 | D:1      | Learned a level 2 spell: Sticks to Snakes
   934 | D:1      | Reached XP level 3. HP: 24/24 MP: 6/6
  1818 | D:2      | Found an ornate altar of the Wu Jian Council.
  1818 | D:2      | Found a white marble altar of Elyvilon.
  1862 | D:2      | Became a worshipper of Elyvilon the Healer
  2148 | D:2      | Reached XP level 4. HP: 26/30 MP: 4/7
  2291 | D:2      | Found a sacrificial altar of Ru.
  2317 | D:2      | Fell from the grace of Elyvilon
  2317 | D:2      | Became a worshipper of Ru the Awakened
  2363 | D:2      | Found an ancient bone altar of Kikubaaqudgha.
  2363 | D:2      | Found a snail-covered altar of Cheibriados.
  2377 | D:2      | Fell from the grace of Ru
  2377 | D:2      | Became a worshipper of Cheibriados the Contemplative
  2982 | D:3      | Reached * piety under Cheibriados
  3155 | D:3      | Reached XP level 5. HP: 33/36 MP: 8/8
  3162 | D:3      | Learned a level 5 spell: Blade Hands
  3815 | D:3      | Reached ** piety under Cheibriados
  4272 | D:4      | Reached XP level 6. HP: 41/42 MP: 3/9
  4358 | D:4      | Noticed Jessica
  4368 | D:4      | Killed Jessica
  4409 | D:4      | Found a shimmering blue altar of Sif Muna.
  4613 | D:4      | Noticed a phantom
  4634 | D:4      | Slain by a phantom

Illustrated notes

Levels and vault maps discovered:
D:1:      elethiomel_arrival_quiet, layout_basic, minmay_misc_feat_plants,
          minmay_misc_feat_columns
D:2:      layout_basic, gammafunk_temple_overflow_pools, old_standard_altar,
          grunt_temple_overflow_open, first_ration, minmay_misc_feat_roman,
          minmay_puff
D:3:      layout_loops_ring, minmay_bisected
D:4:      layout_basic, tgw_sif, nicolae_overflow_hidden_temple,
          minmay_temple_entry_statues_pillars

Skill      XL: |  1  2  3  4  5 |
---------------+----------------+-----
Fighting       | 2 3 |  3.5
Dodging        | 3 |  3.6
Transmutations | 3 |  3.4
Unarmed Combat | |  3.6
Spellcasting   | |  2.0

Action                   |  1- 3 |  4- 6 || total
-------------------------+-------+-------++-------
Melee: Unarmed           |    80 |   107 ||   187
       Constrict         |    26 |    28 ||    54
       Tentacles         |    17 |    16 ||    33
       Kick              |    10 |     5 ||    15
       Punch             |     2 |     2 ||     4
 Cast: Beastly Appendage |    17 |     8 ||    25
       Sticks to Snakes  |       |     1 ||     1
       Blade Hands       |       |     7 ||     7
  Use: Scroll            |     2 |     9 ||    11
 Stab: Sleeping          |     2 |    12 ||    14
  Eat: Chunk             |     4 |    10 ||    14
Armor: Skin              |    10 |    12 ||    22
Dodge: Dodged            |    75 |    66 ||   141
